General information
- name: BNet
- type: Ladder team game (AT/RT)
- host: Battle.net
- saver: FionaApple
map: FullScaleAssault
- players: 8
- length: 49:55
- speed: Fast
- version: 1.26 W3XP
- replay type: Public
» download(239 KB)
Players
team 1 (winner)
CHICKENNTURKEY (
red | 27 APM | 1353 actions | 49:55)
7 Paladin
3 Holy Light
3 Divine Shield
1 Resurrection
» actions
| Assign group hotkey | 17 | |
| Basic commands | 18 | |
| Build / train | 80 | |
| Enter build submenu | 24 | |
| Enter hero's abilities submenu | 7 | |
| Give item / drop item | 2 | |
| Remove unit from queue | 1 | |
| Right click | 441 | |
| Select / deselect | 193 | |
| Select group hotkey | 460 | |
| Use ability | 110 | |
1353 total
» units
| Peasant | 14 | |
| Goblin Zeppelin | 4 | |
| Dragonhawk Rider | 6 | |
| Goblin Shredder | 1 | |
25 total
» upgrades
| Masonry | 3 | |
| Lumber Harvesting | 2 | |
| Cloud | 1 | |
6 total
» buildings
| Altar of Kings | 1 | |
| Farm | 8 | |
| Keep | 3 | |
| Scout Tower | 47 | |
| Lumber Mill | 1 | |
| Arcane Vault | 1 | |
| Arcane Tower | 2 | |
| Guard Tower | 27 | |
| Gryphon Aviary | 2 | |
| Castle | 1 | |
| Town Hall | 1 | |
94 total
» build order
00:11 Altar of Kings
00:24 Farm
02:00 Farm
02:07 Keep
02:25 Scout Tower
02:42 Lumber Mill
02:52 Arcane Vault
02:55 Arcane Tower
03:02 Scout Tower
03:03 Scout Tower
03:04 Scout Tower
03:05 Scout Tower
04:01 Guard Tower
05:27 Gryphon Aviary
05:28 Gryphon Aviary
06:22 Castle
07:42 Farm
07:42 Farm
07:42 Farm
07:50 Farm
08:12 Farm
08:23 Farm
13:16 Town Hall
14:23 Scout Tower
14:24 Scout Tower
14:24 Scout Tower
14:25 Scout Tower
14:25 Scout Tower
14:26 Scout Tower
14:27 Scout Tower
14:55 Guard Tower
14:56 Guard Tower
15:03 Scout Tower
15:04 Scout Tower
15:04 Scout Tower
15:05 Scout Tower
15:06 Scout Tower
15:06 Scout Tower
15:30 Scout Tower
15:31 Scout Tower
15:33 Guard Tower
15:33 Guard Tower
15:57 Guard Tower
15:58 Guard Tower
16:03 Scout Tower
16:04 Scout Tower
16:05 Scout Tower
16:06 Scout Tower
16:07 Scout Tower
16:07 Scout Tower
16:08 Scout Tower
16:08 Scout Tower
16:11 Keep
16:16 Guard Tower
16:32 Guard Tower
16:36 Guard Tower
16:37 Guard Tower
16:42 Guard Tower
16:56 Scout Tower
16:57 Scout Tower
17:02 Guard Tower
17:04 Scout Tower
17:05 Scout Tower
17:05 Scout Tower
17:06 Scout Tower
17:14 Guard Tower
17:41 Guard Tower
17:41 Guard Tower
17:42 Guard Tower
17:51 Scout Tower
17:51 Scout Tower
17:52 Scout Tower
17:52 Scout Tower
17:53 Scout Tower
17:54 Scout Tower
18:03 Guard Tower
18:03 Guard Tower
19:59 Guard Tower
20:15 Scout Tower
20:16 Scout Tower
20:16 Scout Tower
20:19 Scout Tower
20:19 Scout Tower
20:52 Guard Tower
25:24 Arcane Tower
» items
| Staff of Teleportation | 1 | |
| Dust of Appearance | 1 | |
| Scroll of Town Portal | 1 | |
| Scroll of Healing | 1 | |
| Potion of Lesser Invulnerability | 1 | |
| Potion of Invisibility | 1 | |
| Orb of Fire | 1 | |
7 total
FionaApple (
teal | 57 APM | 2841 actions | 49:55)
10 Archmage
3 Summon Water Elemental
3 Brilliance Aura
1 Mass Teleport
3 Blizzard
» actions
| Assign group hotkey | 77 | |
| Basic commands | 277 | |
| Build / train | 108 | |
| Enter build submenu | 90 | |
| Enter hero's abilities submenu | 10 | |
| Give item / drop item | 4 | |
| Right click | 745 | |
| Select / deselect | 469 | |
| Select group hotkey | 837 | |
| Use ability | 224 | |
2841 total
» units
| Peasant | 16 | |
| Footman | 4 | |
| Goblin Shredder | 2 | |
| Goblin Sapper | 6 | |
| Gryphon Rider | 4 | |
| Dragonhawk Rider | 4 | |
| Goblin Zeppelin | 3 | |
| Blue Dragon | 2 | |
41 total
» upgrades
| Swords | 3 | |
| Armor | 4 | |
| Animal War Training | 1 | |
| Masonry | 3 | |
| Cloud | 1 | |
| Storm Hammers | 1 | |
13 total
» buildings
| Altar of Kings | 3 | |
| Barracks | 2 | |
| Farm | 15 | |
| Arcane Vault | 5 | |
| Keep | 2 | |
| Town Hall | 6 | |
| Lumber Mill | 2 | |
| Castle | 1 | |
| Scout Tower | 56 | |
| Blacksmith | 2 | |
| Gryphon Aviary | 8 | |
| Guard Tower | 28 | |
130 total
» build order
00:35 Altar of Kings
00:37 Barracks
00:45 Barracks
00:49 Altar of Kings
00:51 Farm
00:54 Farm
01:06 Farm
01:36 Farm
02:58 Arcane Vault
03:44 Keep
04:06 Town Hall
05:39 Lumber Mill
06:24 Castle
07:13 Scout Tower
07:13 Scout Tower
07:13 Scout Tower
07:14 Scout Tower
07:15 Scout Tower
08:03 Blacksmith
08:04 Blacksmith
08:11 Gryphon Aviary
08:11 Gryphon Aviary
08:12 Gryphon Aviary
08:12 Gryphon Aviary
08:18 Farm
08:44 Guard Tower
11:27 Gryphon Aviary
11:27 Gryphon Aviary
11:28 Gryphon Aviary
11:33 Gryphon Aviary
14:18 Arcane Vault
14:20 Arcane Vault
14:49 Scout Tower
14:50 Scout Tower
14:50 Scout Tower
14:52 Scout Tower
14:58 Scout Tower
15:32 Guard Tower
16:52 Farm
16:52 Farm
16:52 Farm
16:55 Farm
16:59 Farm
16:59 Farm
17:39 Scout Tower
17:45 Scout Tower
17:46 Scout Tower
17:49 Scout Tower
17:49 Scout Tower
17:54 Scout Tower
17:57 Scout Tower
17:59 Scout Tower
18:02 Scout Tower
18:04 Scout Tower
18:05 Scout Tower
18:08 Scout Tower
18:09 Scout Tower
18:18 Guard Tower
18:18 Guard Tower
18:19 Guard Tower
18:22 Guard Tower
18:22 Guard Tower
18:22 Guard Tower
18:24 Guard Tower
18:24 Guard Tower
18:25 Guard Tower
18:34 Guard Tower
18:35 Guard Tower
18:35 Guard Tower
18:35 Guard Tower
18:53 Guard Tower
18:53 Guard Tower
19:15 Scout Tower
19:18 Scout Tower
19:20 Scout Tower
19:25 Guard Tower
19:48 Guard Tower
19:50 Guard Tower
25:34 Town Hall
25:38 Scout Tower
25:39 Scout Tower
25:39 Scout Tower
25:40 Scout Tower
25:40 Scout Tower
25:41 Scout Tower
25:41 Scout Tower
27:09 Guard Tower
27:19 Scout Tower
27:20 Scout Tower
27:20 Scout Tower
27:22 Scout Tower
27:23 Scout Tower
27:23 Scout Tower
27:29 Town Hall
27:31 Scout Tower
27:32 Scout Tower
27:32 Scout Tower
27:32 Scout Tower
27:33 Scout Tower
27:34 Scout Tower
27:34 Scout Tower
27:35 Scout Tower
27:39 Arcane Vault
28:59 Guard Tower
29:01 Guard Tower
33:29 Town Hall
34:10 Town Hall
37:29 Keep
38:11 Town Hall
38:14 Scout Tower
38:15 Scout Tower
38:15 Scout Tower
38:15 Scout Tower
38:16 Scout Tower
38:17 Scout Tower
38:17 Scout Tower
38:18 Scout Tower
38:21 Arcane Vault
40:00 Lumber Mill
40:29 Guard Tower
40:58 Farm
41:01 Farm
41:04 Farm
41:06 Farm
41:53 Guard Tower
44:03 Altar of Kings
» items
| Scroll of Regeneration | 5 | |
| Mechanical Critter | 5 | |
| Scroll of Town Portal | 1 | |
| Potion of Healing | 1 | |
12 total
imnumber1 (
green | 25 APM | 1241 actions | 49:55)
6 Keeper of the Grove
2 Force of Nature
3 Entangling Roots
1 Tranquility
» actions
| Assign group hotkey | 14 | |
| Basic commands | 26 | |
| Build / train | 68 | |
| Enter build submenu | 25 | |
| Enter hero's abilities submenu | 7 | |
| Right click | 506 | |
| Select / deselect | 371 | |
| Select group hotkey | 173 | |
| Use ability | 51 | |
1241 total
» units
| Wisp | 33 | |
| Archer | 3 | |
| Hippogryph | 11 | |
| Chimaera | 5 | |
52 total
» upgrades
| Strength of the Wild | 3 | |
| Reinforced Hides | 2 | |
| Corrosive Breath | 1 | |
6 total
» buildings
| Altar of Elders | 2 | |
| Moon Well | 15 | |
| Ancient of War | 1 | |
| Hunter's Hall | 1 | |
| Tree of Ages | 2 | |
| Tree of Life | 4 | |
| Ancient Protector | 3 | |
| Tree of Eternity | 1 | |
| Ancient of Wind | 4 | |
| Chimaera Roost | 5 | |
38 total
» build order
00:17 Altar of Elders
00:25 Moon Well
01:26 Ancient of War
01:52 Moon Well
02:16 Hunter's Hall
02:51 Moon Well
03:46 Tree of Ages
05:18 Tree of Life
05:26 Ancient Protector
05:28 Ancient Protector
05:31 Ancient Protector
05:38 Moon Well
05:41 Moon Well
05:42 Moon Well
06:14 Tree of Eternity
07:09 Ancient of Wind
08:45 Chimaera Roost
08:47 Chimaera Roost
08:48 Chimaera Roost
11:28 Chimaera Roost
11:38 Ancient of Wind
11:44 Chimaera Roost
12:47 Moon Well
12:50 Moon Well
12:52 Moon Well
15:24 Tree of Life
19:50 Ancient of Wind
20:09 Ancient of Wind
23:11 Tree of Life
24:05 Tree of Life
28:55 Altar of Elders
28:57 Moon Well
28:58 Moon Well
28:59 Moon Well
30:30 Moon Well
30:31 Moon Well
30:32 Moon Well
30:36 Tree of Ages
BDJ (
orange | 15 APM | 726 actions | 49:54)
2 Keeper of the Grove
1 Entangling Roots
1 Thorns Aura
1 Priestess of the Moon
1 Trueshot Aura
» actions
| Assign group hotkey | 13 | |
| Basic commands | 37 | |
| Build / train | 35 | |
| ESC pressed | 2 | |
| Enter build submenu | 26 | |
| Enter hero's abilities submenu | 3 | |
| Remove unit from queue | 1 | |
| Right click | 218 | |
| Select / deselect | 240 | |
| Select group hotkey | 65 | |
| Use ability | 86 | |
726 total
» units
» upgrades
| Ultravision | 1 | |
| Strength of the Moon | 1 | |
| Moon Armor | 1 | |
| Improved Bows | 1 | |
| Strength of the Wild | 1 | |
| Reinforced Hides | 1 | |
6 total
» buildings
| Moon Well | 4 | |
| Ancient of War | 1 | |
| Altar of Elders | 1 | |
| Hunter's Hall | 1 | |
| Ancient of Wonders | 1 | |
| Ancient Protector | 6 | |
| Tree of Ages | 1 | |
| Ancient of Lore | 1 | |
| Ancient of Wind | 1 | |
| Tree of Life | 6 | |
23 total
» build order
00:26 Moon Well
00:47 Ancient of War
01:03 Altar of Elders
01:29 Moon Well
02:19 Hunter's Hall
02:55 Ancient of Wonders
03:30 Ancient Protector
03:50 Ancient Protector
04:21 Tree of Ages
05:05 Moon Well
05:39 Moon Well
07:27 Ancient of Lore
07:36 Ancient of Wind
08:01 Tree of Life
11:34 Tree of Life
11:37 Tree of Life
11:40 Tree of Life
11:45 Tree of Life
11:49 Tree of Life
14:06 Ancient Protector
14:06 Ancient Protector
14:12 Ancient Protector
14:16 Ancient Protector
team 2 (loser)
RodTheMighty (
purple | 77 APM | 3845 actions | 49:54)
7 Archmage
3 Summon Water Elemental
3 Brilliance Aura
1 Mass Teleport
6 Paladin
3 Holy Light
3 Divine Shield
» actions
| Assign group hotkey | 95 | |
| Basic commands | 54 | |
| Build / train | 140 | |
| ESC pressed | 3 | |
| Enter build submenu | 87 | |
| Enter hero's abilities submenu | 13 | |
| Give item / drop item | 6 | |
| Right click | 1627 | |
| Select / deselect | 536 | |
| Select group hotkey | 1013 | |
| Use ability | 271 | |
3845 total
» units
| Peasant | 20 | |
| Footman | 6 | |
| Goblin Shredder | 4 | |
| Goblin Zeppelin | 2 | |
| Gryphon Rider | 3 | |
| Dragonhawk Rider | 2 | |
37 total
» upgrades
| Masonry | 3 | |
| Storm Hammers | 1 | |
| Cloud | 1 | |
| Lumber Harvesting | 2 | |
| Defend | 1 | |
| Swords | 3 | |
| Armor | 3 | |
| Animal War Training | 1 | |
| Spiked Barricades | 1 | |
| Backpack | 1 | |
| Plating | 1 | |
| Gunpowder | 1 | |
19 total
» buildings
| Altar of Kings | 1 | |
| Barracks | 2 | |
| Farm | 25 | |
| Arcane Vault | 3 | |
| Lumber Mill | 2 | |
| Town Hall | 6 | |
| Keep | 5 | |
| Scout Tower | 35 | |
| Guard Tower | 27 | |
| Castle | 6 | |
| Gryphon Aviary | 12 | |
| Blacksmith | 3 | |
127 total
» build order
00:53 Altar of Kings
00:57 Barracks
01:02 Farm
01:06 Farm
01:15 Farm
02:06 Arcane Vault
02:10 Arcane Vault
02:19 Farm
03:18 Lumber Mill
04:02 Town Hall
05:40 Keep
05:40 Keep
05:46 Scout Tower
05:47 Scout Tower
05:49 Scout Tower
07:24 Guard Tower
07:25 Guard Tower
08:14 Castle
08:14 Castle
08:18 Gryphon Aviary
08:18 Gryphon Aviary
10:22 Town Hall
10:25 Scout Tower
10:26 Scout Tower
10:26 Scout Tower
10:27 Scout Tower
10:28 Scout Tower
10:28 Scout Tower
10:29 Scout Tower
10:30 Scout Tower
10:30 Scout Tower
10:32 Barracks
10:59 Guard Tower
10:59 Guard Tower
11:02 Scout Tower
11:08 Scout Tower
11:24 Farm
11:25 Farm
12:22 Guard Tower
12:22 Guard Tower
12:23 Keep
12:23 Keep
13:12 Farm
13:14 Farm
13:16 Farm
13:21 Scout Tower
13:22 Scout Tower
13:23 Scout Tower
13:23 Scout Tower
13:24 Scout Tower
13:25 Scout Tower
13:26 Scout Tower
13:27 Scout Tower
13:28 Scout Tower
13:35 Gryphon Aviary
13:38 Gryphon Aviary
14:03 Guard Tower
14:03 Guard Tower
14:03 Guard Tower
14:04 Guard Tower
14:04 Guard Tower
14:50 Guard Tower
14:50 Guard Tower
14:50 Guard Tower
15:04 Blacksmith
15:04 Blacksmith
16:02 Gryphon Aviary
16:03 Gryphon Aviary
16:06 Scout Tower
16:07 Scout Tower
16:07 Scout Tower
17:10 Guard Tower
17:11 Guard Tower
23:31 Farm
23:32 Farm
23:36 Farm
23:39 Farm
23:39 Farm
23:42 Farm
23:43 Farm
29:01 Town Hall
30:59 Town Hall
31:20 Castle
31:20 Castle
31:20 Castle
31:23 Gryphon Aviary
31:24 Gryphon Aviary
31:25 Gryphon Aviary
31:27 Gryphon Aviary
31:35 Gryphon Aviary
31:36 Blacksmith
31:49 Scout Tower
31:50 Scout Tower
31:51 Scout Tower
31:51 Scout Tower
32:04 Scout Tower
32:05 Scout Tower
32:06 Scout Tower
32:06 Scout Tower
32:07 Scout Tower
32:25 Guard Tower
32:26 Guard Tower
32:39 Guard Tower
32:39 Guard Tower
32:40 Guard Tower
34:55 Lumber Mill
36:40 Town Hall
36:51 Gryphon Aviary
38:30 Arcane Vault
41:17 Farm
41:20 Farm
41:21 Farm
41:23 Farm
42:47 Farm
42:52 Farm
43:23 Farm
43:25 Farm
44:13 Farm
45:16 Town Hall
» items
| Staff of Teleportation | 2 | |
| Lesser Clarity Potion | 1 | |
| Healing Salve | 1 | |
| Scroll of Town Portal | 4 | |
| Potion of Lesser Invulnerability | 2 | |
| Periapt of Vitality | 1 | |
| Boots of Speed | 1 | |
| Orb of Lightning | 1 | |
| Scroll of Regeneration | 1 | |
14 total

»
heavydangle (
yellow | 31 APM | 965 actions | 31:03)
4 Dreadlord
2 Sleep
2 Vampiric Aura
4 Death Knight
1 Death Coil
2 Unholy Aura
1 Death Pact
1 Demon Hunter
1 Immolation
1 Tauren Chieftain
1 Reincarnation
» actions
| Assign group hotkey | 30 | |
| Build / train | 74 | |
| Enter build submenu | 27 | |
| Enter hero's abilities submenu | 10 | |
| Right click | 269 | |
| Select / deselect | 279 | |
| Select group hotkey | 221 | |
| Use ability | 55 | |
965 total
» units
| Acolyte | 7 | |
| Ghoul | 9 | |
| Makrura Snapper | 1 | |
| Crypt Fiend | 7 | |
| Frost Wyrm | 6 | |
| Blue Dragon | 4 | |
| Troll Batrider | 15 | |
49 total
» upgrades
| Creature Attack | 3 | |
| Web | 1 | |
| Freezing Breath | 1 | |
| Creature Carapace | 3 | |
8 total
» buildings
| Altar of Darkness | 1 | |
| Ziggurat | 10 | |
| Crypt | 1 | |
| Halls of the Dead | 2 | |
| Tomb of Relics | 1 | |
| Graveyard | 1 | |
| Black Citadel | 1 | |
| Sacrificial Pit | 1 | |
| Boneyard | 2 | |
| Spirit Tower | 2 | |
| Necropolis | 1 | |
| Watch Tower | 4 | |
27 total
» build order
00:07 Altar of Darkness
00:10 Ziggurat
00:41 Crypt
01:29 Ziggurat
02:58 Halls of the Dead
03:49 Tomb of Relics
04:06 Ziggurat
04:43 Graveyard
05:38 Black Citadel
07:10 Ziggurat
07:41 Sacrificial Pit
08:09 Ziggurat
09:20 Boneyard
09:23 Boneyard
12:01 Ziggurat
12:05 Ziggurat
13:17 Ziggurat
13:21 Ziggurat
13:24 Ziggurat
15:46 Spirit Tower
15:58 Spirit Tower
19:03 Necropolis
21:35 Halls of the Dead
28:33 Watch Tower
28:41 Watch Tower
28:46 Watch Tower
29:20 Watch Tower

»
incredibl3hulk (
pink | 46 APM | 1129 actions | 24:23)
3 Demon Hunter
1 Immolation
2 Evasion
3 Pandaren Brewmaster
2 Drunken Haze
1 Breath of Fire
» actions
| Assign group hotkey | 14 | |
| Basic commands | 13 | |
| Build / train | 72 | |
| Enter build submenu | 26 | |
| Enter hero's abilities submenu | 7 | |
| Give item / drop item | 5 | |
| Remove unit from queue | 1 | |
| Right click | 384 | |
| Select / deselect | 178 | |
| Select group hotkey | 374 | |
| Use ability | 54 | |
1129 total
» units
| Wisp | 25 | |
| Dryad | 13 | |
| Blue Dragon Whelp | 2 | |
| Blue Drake | 1 | |
| Troll Batrider | 6 | |
47 total
» upgrades
| Strength of the Wild | 3 | |
| Reinforced Hides | 3 | |
| Abolish Magic | 1 | |
7 total
» buildings
| Altar of Elders | 1 | |
| Moon Well | 6 | |
| Ancient of War | 1 | |
| Hunter's Hall | 1 | |
| Tree of Ages | 1 | |
| Ancient of Wonders | 1 | |
| Ancient of Lore | 2 | |
| Tree of Life | 1 | |
| Tree of Eternity | 1 | |
| Ancient Protector | 10 | |
25 total
» build order
00:08 Altar of Elders
00:10 Moon Well
00:54 Ancient of War
01:48 Hunter's Hall
01:52 Moon Well
02:43 Tree of Ages
02:57 Moon Well
03:16 Ancient of Wonders
03:51 Moon Well
05:10 Ancient of Lore
05:12 Ancient of Lore
05:15 Moon Well
06:08 Moon Well
09:13 Tree of Life
09:50 Tree of Eternity
18:10 Ancient Protector
18:13 Ancient Protector
18:17 Ancient Protector
18:19 Ancient Protector
19:06 Ancient Protector
19:20 Ancient Protector
19:23 Ancient Protector
19:28 Ancient Protector
20:20 Ancient Protector
20:22 Ancient Protector
» items
| Potion of Healing | 3 | |
| Orb of Venom | 1 | |
| Potion of Mana | 1 | |
| Orb of Fire | 1 | |
| Scroll of Town Portal | 1 | |
| Scroll of Regeneration | 1 | |
8 total

»
KimurA2 (
blue | 36 APM | 750 actions | 21:03)
5 Tauren Chieftain
2 War Stomp
3 Endurance Aura
» actions
| Build / train | 87 | |
| Enter build submenu | 31 | |
| Enter hero's abilities submenu | 6 | |
| Give item / drop item | 3 | |
| Remove unit from queue | 21 | |
| Right click | 289 | |
| Select / deselect | 181 | |
| Use ability | 132 | |
750 total
» units
| Peon | 18 | |
| Grunt | 6 | |
| Makrura Snapper | 1 | |
| Giant Sea Turtle | 1 | |
| Goblin Shredder | 1 | |
| Wind Rider | 17 | |
44 total
» upgrades
| Pillage | 1 | |
| Backpack | 1 | |
| Armor | 1 | |
| Melee Weapons | 2 | |
| Ranged Weapons | 2 | |
| Spiked Barricades | 2 | |
| Reinforced Defenses | 1 | |
| Envenomed Spears | 1 | |
11 total
» buildings
| Altar of Storms | 2 | |
| Orc Burrow | 11 | |
| Barracks | 1 | |
| War Mill | 1 | |
| Voodoo Lounge | 2 | |
| Stronghold | 3 | |
| Great Hall | 1 | |
| Watch Tower | 4 | |
| Fortress | 1 | |
| Beastiary | 6 | |
32 total
» build order
00:27 Altar of Storms
00:43 Orc Burrow
00:57 Barracks
01:42 War Mill
01:54 Orc Burrow
02:28 Voodoo Lounge
03:21 Orc Burrow
04:09 Stronghold
05:09 Great Hall
05:33 Watch Tower
05:35 Watch Tower
05:40 Watch Tower
07:12 Orc Burrow
07:28 Watch Tower
07:32 Orc Burrow
07:48 Orc Burrow
09:11 Fortress
09:15 Beastiary
10:30 Beastiary
10:59 Voodoo Lounge
11:42 Orc Burrow
11:46 Orc Burrow
17:22 Orc Burrow
19:11 Orc Burrow
19:13 Orc Burrow
20:21 Stronghold
20:24 Altar of Storms
20:29 Beastiary
20:35 Beastiary
20:38 Beastiary
» items
| Healing Salve | 3 | |
| Boots of Speed | 1 | |
| Potion of Lesser Invulnerability | 1 | |
| Potion of Healing | 5 | |
| Orb of Lightning | 1 | |
| Scroll of Speed | 1 | |
| Scroll of Town Portal | 1 | |
13 total
Chat log
(00:05 / Allies) imnumber1: hippos and chims
(00:05 / Allies) BDJ: arch dott dryad
(00:21 / All) FionaApple: I HATE MYSELF FOR LOVING YOU
(00:24 / All) FionaApple: *GUITAR SOLO*
(00:27 / All) FionaApple: YEAH JAM
(00:30 / All) CHICKENNTURKEY: joan jett #1
(00:31 / All) FionaApple: GET TURNT UP IN THIS BITCH
(00:48 / Allies) imnumber1: i need to FE
(00:53 / Allies) imnumber1: an i swith mines please?
(01:01 / Allies) imnumber1: teal?
(01:03 / Allies) FionaApple: I want inside
(01:09 / Allies) imnumber1: u are human
(01:12 / Allies) imnumber1: you can defend pleas
(01:16 / Allies) FionaApple: YEah human is precarious
(01:17 / Allies) CHICKENNTURKEY: lawl
(01:35 / Allies) imnumber1: dud i cant creep the other one by myself
(01:36 / Allies) imnumber1: they have unts taht kill my ents
(01:42 / Allies) imnumber1: thanks
(01:46 / Allies) FionaApple: it's easy to creep anyway
(01:55 / Allies) imnumber1: not qithout units
(01:58 / Allies) imnumber1: wasnt getting units
(02:03 / Allies) imnumber1: i am now
(02:10 / Allies) FionaApple: were you gonna straight tech
(02:11 / Allies) CHICKENNTURKEY: thats ur natural green
(02:14 / Allies) imnumber1: y
(03:25 / Allies) imnumber1: oj u coming?
(04:07 / Allies) BDJ: go
(04:27 / Allies) imnumber1: u are strhenght red
(04:30 / Allies) imnumber1: learn the books
(04:39 / Allies) BDJ: give pendant
(04:39 / Allies) BDJ: plz
(04:47 / Allies) CHICKENNTURKEY: more important for me im healer
(04:47 / Allies) imnumber1: u dont need mana red
(04:50 / Allies) imnumber1: give to kotg
(05:02 / Allies) CHICKENNTURKEY: its mine
(05:02 / Allies) imnumber1: kotg need more mana
(05:08 / Allies) imnumber1: k suit yourself
(06:18 / All) RodTheMighty: d
(06:21 / Allies) imnumber1: red why?
(06:27 / Allies) CHICKENNTURKEY: killing the ward idiot
(06:28 / Allies) CHICKENNTURKEY: not ur tower
(06:32 / Allies) imnumber1: i didnt asshwhole
(06:39 / Allies) imnumber1: i ddint kill anything
(06:43 / Allies) imnumber1: how could I?
(06:46 / Allies) CHICKENNTURKEY: wow ur ignorant
(06:46 / Allies) BDJ: relax green
(06:47 / Allies) imnumber1: and with what urpose
(06:51 / Allies) CHICKENNTURKEY: pink put a ward at ur expo
(06:51 / Allies) imnumber1: oh
(06:52 / Allies) imnumber1: lol
(06:56 / Allies) imnumber1: lolololol
(06:57 / Allies) imnumber1: mt bad
(07:00 / Allies) imnumber1: how did you see it?
(07:11 / Allies) CHICKENNTURKEY: watch replay
(07:18 / Allies) imnumber1: neh its ok I just asked a w
(07:19 / Allies) imnumber1: q
(07:41 / Allies) BDJ: 100g?
(07:56 / Allies) imnumber1: teal has
(08:05 / Allies) BDJ: teal you have 3000 gold
(08:08 / Allies) BDJ: give me 300 or ill TK
(08:16 / Allies) CHICKENNTURKEY: lol
(08:20 / Allies) imnumber1: chill
(08:23 / Allies) BDJ: you legit have 10 seconds to give me 500 gold
(08:28 / Allies) BDJ: or ill throw this ghame
(08:57 / Allies) imnumber1: oj
(09:00 / Allies) imnumber1: plz ont be a kid
(09:09 / Allies) imnumber1: he issaving
(09:10 / Allies) imnumber1: look
(09:11 / Allies) imnumber1: wait
(09:11 / Allies) imnumber1: oj
(09:16 / Allies) BDJ: fuck this faggot
(09:19 / Allies) BDJ: idgaf
(09:20 / Allies) imnumber1: those fuckers are expenseive
(09:20 / Allies) BDJ: hes a noob
(09:34 / Allies) imnumber1: so what?
(09:38 / Allies) FionaApple: wtf orange
(09:41 / Allies) BDJ: so noobs need to be taught lessons
(09:43 / Allies) imnumber1: stupid fucl
(09:48 / Allies) FionaApple: Why are you attacking me
(09:48 / Allies) imnumber1: you are being the noob
(09:56 / Allies) FionaApple: What did I do
(09:58 / Allies) imnumber1: i thought you were the only one that wasnt a baby here
(10:22 / Allies) FionaApple: he picked my base cuz it was easiest
(10:28 / Allies) BDJ: no
(10:29 / Allies) imnumber1: neh he is just a noob
(10:30 / All) RodTheMighty: D
(10:30 / Allies) FionaApple: then wtf did I do to you
(10:31 / All) RodTheMighty: D
(10:31 / Allies) FionaApple: retard
(10:32 / Allies) BDJ: i usually dont tk
(10:32 / Allies) imnumber1: we can win
(10:33 / Allies) BDJ: but
(10:40 / Allies) BDJ: i asked for 100 gold for an epo
(10:42 / Allies) imnumber1: nice ty red
(10:44 / Allies) BDJ: you have fuckkking 3000
(10:45 / Allies) FionaApple: I didn't see chat asshole
(10:48 / Allies) BDJ: well
(10:50 / Allies) BDJ: then u lose
(10:56 / Allies) FionaApple: fucking baby
(10:57 / Allies) FionaApple: lol
(10:58 / Allies) imnumber1: we dont need you
(11:01 / Allies) BDJ: so sick and tired
(11:01 / Allies) FionaApple: like I care
(11:04 / Allies) BDJ: of fucking retards
(11:06 / Allies) BDJ: playing this game
(11:14 / Allies) BDJ: ive hit my boiling point
(11:17 / Allies) BDJ: its fuckking unreal
(11:18 / Allies) FionaApple: Shut up
(11:19 / Allies) BDJ: how bad
(11:20 / Allies) FionaApple: you fucking aspie
(11:21 / Allies) FionaApple: and keave
(11:21 / Allies) BDJ: every single fuckking game
(11:21 / Allies) FionaApple: Leave aspie
(11:22 / Allies) BDJ: my retarded teammates
(11:22 / Allies) imnumber1: just leave
(11:24 / Allies) FionaApple: leave aspie
(11:34 / Allies) imnumber1: wood plz
(11:38 / Allies) FionaApple: Mine your own gold moron
(11:50 / Allies) imnumber1: dude i need wood not gold
(11:58 / Allies) imnumber1: ty
(11:59 / Allies) FionaApple: was talking to orange
(12:03 / Allies) imnumber1: k
(12:05 / Allies) imnumber1: tnx
(12:22 / Allies) BDJ: learn your lesson faggot
(12:30 / Allies) FionaApple: yeah on my 0-0 account
(12:32 / Allies) CHICKENNTURKEY: ur dead lol
(12:35 / Allies) CHICKENNTURKEY: oj ur dead rofl
(12:38 / Allies) FionaApple: don't alt tab for 5 seconds because aspies will throw tantrums
(12:40 / Allies) CHICKENNTURKEY: u didn tteach him shit
(12:47 / Allies) BDJ: time to make another account i guess so u can horde 3K gold and not donate 100
(12:58 / Allies) FionaApple: leave idiot
(13:00 / Allies) FionaApple: go and stay go
(13:20 / Allies) imnumber1: wood polz
(13:30 / Allies) BDJ: teal has 5 thousand gold and 100 lumber
(13:32 / Allies) BDJ: hahahah
(13:35 / Allies) BDJ: what a fkin garbage player
(13:40 / Allies) FionaApple: You kileld my wood peons
(13:44 / Allies) FionaApple: and I gave green lumber
(13:49 / Allies) CHICKENNTURKEY: oj you didnt teach him a lesson; u just died
(13:52 / Allies) imnumber1: u need houses bro
(13:59 / All) RodTheMighty: D
(13:59 / All) RodTheMighty: D
(14:00 / All) RodTheMighty: D
(14:01 / Allies) imnumber1: u need more houses bro
(14:25 / Allies) FionaApple: gee I wonder why I was low on wood
(14:27 / Allies) FionaApple: gave 400 to green
(14:30 / Allies) FionaApple: you can killed my aviaries
(14:34 / Allies) FionaApple: before I could cancel
(14:35 / Allies) FionaApple: himm gee
(14:36 / Allies) FionaApple: I wonder
(14:52 / Allies) BDJ: you literally had 0 units. i asked for gold 5 times
(14:58 / Allies) BDJ: how the fuck do you not see that in chat
(15:01 / All) RodTheMighty: D
(15:01 / All) RodTheMighty: D
(15:02 / Allies) FionaApple: squelched
(15:04 / Allies) BDJ: ur garbage
(15:06 / Allies) BDJ: lol
(15:09 / Allies) imnumber1: 100 food now
(15:27 / Allies) FionaApple: fucking crybaby
(15:28 / All) RodTheMighty: D
(15:28 / All) RodTheMighty: D
(15:28 / All) RodTheMighty: D
(15:45 / All) RodTheMighty: DD
(15:45 / All) RodTheMighty: DD
(15:51 / All) BDJ: blues computer made of wood?
(15:52 / Allies) imnumber1: we will need melee
(15:53 / All) CHICKENNTURKEY: disc hack?
(16:00 / Allies) imnumber1: bro make houeses
(16:03 / Allies) imnumber1: u need farms
(16:09 / Allies) BDJ: hes a bad player green
(16:15 / Allies) BDJ: weve esytablished this
(16:19 / Allies) imnumber1: at least he is not a baby
(16:37 / All) RodTheMighty: D
(16:37 / All) RodTheMighty: D
(16:37 / All) RodTheMighty: D
(16:37 / All) FionaApple: ugh
(16:38 / All) CHICKENNTURKEY: blue wtf
(16:44 / Allies) imnumber1: guys come
(17:28 / Allies) BDJ: pink will kill you all by himself
(17:39 / All) incredibl3hulk: !!!!!!!!!!!!!!!!!!!!!!!!!!!!!!
(17:42 / All) FionaApple: GHETTO NIGGER
(17:54 / Allies) imnumber1: can u get tanks teal?
(18:03 / Allies) BDJ: teal has not gone below 3000 gold since game started
(18:06 / Allies) BDJ: couldnt fork over 100
(18:18 / Allies) BDJ: the epitome of a retard
(18:45 / All) RodTheMighty: D
(18:45 / All) RodTheMighty: D
(18:46 / Allies) imnumber1: red plz save my chims
(18:47 / Allies) BDJ: red u gonna use your dragonhawks? or sit in base
(18:50 / All) FionaApple: Fun game you make for everyone else
(18:50 / All) RodTheMighty: D
(18:51 / All) RodTheMighty: D
(18:51 / All) RodTheMighty: D
(19:23 / Allies) BDJ: watch red fail
(19:41 / All) CHICKENNTURKEY: lagging nigger
(21:03 / All) RodTheMighty: WOOOO!!!!!!!
(21:18 / Allies) imnumber1: teal
(21:27 / Allies) imnumber1: teal help plz
(21:57 / Allies) BDJ: do you see reds retardation
(22:00 / Allies) BDJ: letting green die
(22:32 / All) CHICKENNTURKEY: offense over defense, bitch
(22:49 / Allies) BDJ: says a child with IQ single digits
(22:58 / Allies) BDJ: you could fly over and kill 12 gyphs
(23:01 / Allies) BDJ: instantly
(23:09 / Allies) BDJ: OR u can attack buildings with piercing damage
(23:10 / Allies) BDJ: nice idea
(23:28 / Allies) imnumber1: gold ñplz
(23:37 / Allies) BDJ: teal only has 6 thousand gold
(23:41 / Allies) BDJ: he cant afford to give you any
(23:42 / 4) FionaApple: this game?
(23:43 / Allies) imnumber1: teal can i have som eplz
(23:54 / 5) RodTheMighty: think it'd work?
(24:01 / Allies) BDJ: kinda makes you wanna TK, eh green?
(24:07 / Allies) imnumber1: noup
(24:14 / 4) FionaApple: yeah
(24:14 / Allies) imnumber1: just we could be owning more
(24:20 / Allies) imnumber1: teal
(24:22 / Allies) imnumber1: can i please have gold?
(24:32 / Allies) FionaApple: is orange still talking
(24:35 / 5) RodTheMighty: let's do it or no?
(24:40 / Allies) CHICKENNTURKEY: yes
(24:44 / Allies) CHICKENNTURKEY: u squelch him?
(24:50 / Allies) BDJ: you wouldnt know u dont read chat in a team game
(24:50 / 4) FionaApple: I did
(24:52 / Allies) BDJ: so
(24:53 / Allies) BDJ: lol
(24:53 / 4) FionaApple: I unsquelched him
(24:59 / Allies) BDJ: why listen to 3 teammates?
(25:01 / Allies) imnumber1: suck it oj
(25:03 / Allies) BDJ: when u can just do nothing
(25:03 / 5) RodTheMighty: getting hawks then I kill him and green
(25:07 / Allies) FionaApple: you're terrible
(25:18 / Allies) FionaApple: can't even expo lol
(25:19 / Allies) FionaApple: rofl
(25:20 / Allies) FionaApple: rofl
(25:20 / Allies) FionaApple: rofl
(25:37 / Allies) imnumber1: teal
(25:40 / Allies) imnumber1: u mind sharing?
(26:42 / Allies) imnumber1: teal
(26:44 / Allies) imnumber1: ar eu here?
(26:55 / Allies) imnumber1: y would you do that?
(27:21 / 5) RodTheMighty: I
(27:34 / Allies) imnumber1: y would you kill my expo teal?
(27:41 / Allies) imnumber1: lets hit
(27:49 / Allies) FionaApple: why you accusing me of shit
(27:57 / Allies) imnumber1: i saw teal shit
(28:03 / Allies) imnumber1: lol i have that view where u only see allies
(28:06 / Allies) FionaApple: are you on shrooms
(28:13 / Allies) imnumber1: teal ubut u mind sharingsome old?
(28:17 / Allies) imnumber1: stupid oj killed my expo
(28:25 / Allies) imnumber1: and thats game fo mrw
(28:31 / Allies) imnumber1: thanks for all the suppors
(28:39 / Allies) BDJ: teal a giant retard
(28:39 / Allies) BDJ: so
(28:42 / Allies) BDJ: welcome to 4s RT
(28:59 / Allies) BDJ: yea teal! attack those buildings!!!
(29:37 / Allies) imnumber1: red u mind giveg me gold?
(29:46 / Allies) BDJ: LOL 6k GOLD ON HIM TO
(29:47 / Allies) BDJ: TO
(29:49 / Allies) BDJ: TOO!
(29:50 / Allies) imnumber1: wtf u guys?
(29:53 / Allies) CHICKENNTURKEY: you told me, "suit yourself"
(29:55 / Allies) BDJ: ROFLLLL
(29:56 / Allies) BDJ: ROFLLL
(29:58 / Allies) BDJ: LOL
(30:01 / Allies) imnumber1: sand u did
(30:02 / Allies) BDJ: ANOTHER FAGGOT CHILD
(30:04 / Allies) BDJ: HAHAHAHHA
(30:05 / All) BDJ: HAHHAHAHAHAHAHA
(31:03 / Allies) imnumber1: red are u planning on making units?
(31:10 / Allies) CHICKENNTURKEY: no farm
(31:18 / Allies) BDJ: yea no farms obviosuly
(31:19 / Allies) imnumber1: planing on doing farms then?
(31:21 / Allies) BDJ: he cant make farms
(31:25 / Allies) BDJ: cuz he only has 20 peasants
(31:28 / 4) FionaApple: not this game either
(31:31 / Allies) BDJ: how can he make farms with only 10 peasants
(31:32 / 4) FionaApple: maybe another will be more favorable
(31:34 / Allies) BDJ: he needs at least 15
(31:36 / Allies) BDJ: to make a farm
(31:40 / All) CHICKENNTURKEY: i dont like orange hes a dick to me
(31:44 / Allies) BDJ: this is why
(31:47 / Allies) BDJ: i TK green
(31:48 / Allies) BDJ: when u play
(31:49 / Allies) BDJ: with
(31:52 / Allies) BDJ: absolute
(31:54 / Allies) BDJ: chimpanzees
(31:57 / Allies) BDJ: its more fun to kill them
(32:01 / Allies) BDJ: than play alongside
(32:14 / Allies) BDJ: literally brains the size of peannuts
(32:29 / All) BDJ: hey Purple
(32:29 / Allies) CHICKENNTURKEY: THERE IS NO ROOM TO BULD FARMS
(32:30 / All) BDJ: leave
(32:32 / All) BDJ: faggot
(32:34 / All) RodTheMighty: lol
(32:37 / All) BDJ: jk gg
(32:37 / All) RodTheMighty: I'm raping you all game
(32:43 / All) CHICKENNTURKEY: i can tkill farms with no room to build oj
(32:49 / All) RodTheMighty: you haven't done shit
(32:52 / All) CHICKENNTURKEY: make imean
(32:53 / All) RodTheMighty: your allies are winning for you asshole
(32:58 / All) RodTheMighty: little baby back bitch
(33:03 / All) BDJ: obviously
(33:09 / All) BDJ: i uprooted and TKed teal
(33:10 / All) BDJ: so
(33:12 / Allies) BDJ: clearly
(33:18 / All) FionaApple: Orange threw a temper tantrum
(33:37 / All) BDJ: teal had 5 thousand gold and i asked for 100 and he said no
(33:39 / All) BDJ: so thats a TK
(33:48 / All) RodTheMighty: how much does he have now?
(33:51 / All) BDJ: 6500
(33:55 / All) RodTheMighty: I have 14k
(34:03 / All) RodTheMighty: I'm going to own you scrubs
(34:44 / All) BDJ: about that
(34:47 / All) BDJ: prolly not purple
(35:01 / All) BDJ: you see teal enjoys taking it in the ass
(35:02 / All) BDJ: so rape
(35:03 / All) CHICKENNTURKEY: i honestly think i have more idiotic allies; oj did nothing but swear at me, green begged for gold
(35:07 / All) BDJ: is something he uses to his advantage
(35:20 / All) RodTheMighty: you're shit
(35:23 / All) FionaApple: you have more sand than the saharra desert up your vag
(35:30 / All) RodTheMighty: I 1v1 you any day orange
(36:23 / All) RodTheMighty: I 1v1 you any day orange
(36:29 / All) RodTheMighty: I rape you anywhere, anytime solo
(36:41 / All) BDJ: probably
(36:48 / All) BDJ: now leave like a good little twat
(36:57 / All) RodTheMighty: I am not leaving until it says defeat
(37:04 / All) RodTheMighty: since I still have a chance to win
(37:07 / All) BDJ: k il go have dinner
(37:32 / Allies) imnumber1: wow we hanvent win or lose?
(37:34 / Allies) imnumber1: grt
(38:01 / Allies) imnumber1: well ill come back again when somehting acually interesting happens
(38:16 / Allies) imnumber1: i really hope we lose we don't deserve this win
(38:35 / All) FionaApple: shut up cucks
(38:36 / Allies) imnumber1: i wouldnt leave my apiraries get destroyen
(38:40 / Allies) imnumber1: suck it
(38:57 / All) RodTheMighty: orange is a cuck
(39:06 / All) RodTheMighty: all he can do is watch while another player wins
(40:21 / All) RodTheMighty: damn level 3 masonry buildings take a long time to kill
(41:04 / All) RodTheMighty: orange you here faggot?
(43:41 / All) FionaApple: You still there orange?
(43:45 / All) RodTheMighty: orange?
(43:55 / All) RodTheMighty: you lose motherfucker noob
(44:19 / All) FionaApple: Yo orange!
(44:23 / All) FionaApple: How mad you are?
(45:10 / All) FionaApple: Happy?
(48:29 / All) FionaApple: ALL MY FRIENDS CANT SLEEP
(48:37 / All) FionaApple: WERE TRYNA FIGURE OUT WHATS WRONG WITH US
(48:41 / All) FionaApple: ALL MY FRIENDS CANT SLEEP
(48:47 / All) FionaApple: WERE TRYNA FIGURE OUT WHATS WRONG WITH US
(49:07 / All) FionaApple: Last words, orange?